 Dungeon Crawl Stone Soup version 0.15-a0-1253-g15b4f57 (webtiles) character file.

225 Quh the Charmwright (level 5, -1/39 HPs)
             Began as a Vampire Skald on June 4, 2014.
             Slain by an orc
             ... wielding a +0,+0 whip
              (5 damage)
             ... on Level 5 of the Dungeon.
             The game lasted 00:15:22 (3067 turns).

Quh the Charmwright (Vampire Skald)                 Turns: 3067, Time: 00:15:23

HP  -1/39        AC  3     Str 11      XL: 5   Next: 68%
MP   3/11        EV 11     Int 15      God:
Gold 192         SH  0     Dex 13      Spells:  4 memorised,  1 level left

rFire  . . .     SeeInvis +     m - +1,+2 dagger (vamp)
rCold  . . .     Clarity  .     w - +0 leather armour
rNeg   + . .     rCorr    .     (no shield)
rPois  .         rRot     .     (no helmet)
rElec  .         Spirit   .     (no cloak)
SustAb .         Warding  .     (no gloves)
rMut   .         Stasis   .     (no boots)
Gourm  .                        (no amulet)
MR     .....                    (no ring)
                                (no ring)

@: very slightly contaminated, not resistant to hostile enchantments, very
unstealthy
A: fangs 3, see invisible, unbreathing
a: Bat Form


You were on level 5 of the Dungeon.
You were not thirsty.

You visited 1 branch of the dungeon, and saw 5 of its levels.

You collected 192 gold pieces.

Inventory:

Hand weapons
 a - a +0,+0 short sword
 j - a +0,+0 short sword
 m - a +1,+2 vampiric dagger (weapon)
 y - a cursed -1,-3 short sword
Missiles
 g - 6 arrows of flame
 u - 60 stones (quivered)
 C - 25 sling bullets
Armour
 b - a +0 leather armour
 w - a +0 leather armour (worn)
Scrolls
 f - 5 scrolls of identify
 h - 3 scrolls of remove curse {unknown}
 i - a scroll of enchant weapon II {unknown}
 l - a scroll of magic mapping {unknown}
 n - 2 scrolls of recharging {unknown}
 s - 2 scrolls of fog {unknown}
 x - 2 scrolls of blinking {unknown}
 D - a scroll of enchant weapon I {unknown}
Jewellery
 d - an uncursed amulet of warding {unknown}
 B - an uncursed ring of protection from magic {unknown}
Potions
 e - 2 potions of brilliance
 k - a potion of haste
 o - a potion of curing {unknown}
 p - a potion of paralysis {unknown}
 q - a potion of beneficial mutation {unknown}
 r - a potion of invisibility {unknown}
 t - 2 potions of agility {unknown}
 z - a potion of confusion {unknown}
 A - a potion of heal wounds {unknown}
 E - a potion of flight {unknown}
Books
 c - a book of Battle

   Spells                             Type                      Level
   *Infusion                          Charms                       1
   *Shroud of Golubria                Charms/Translocation         2
   Song of Slaying                    Charms                       2
   *Spectral Weapon                   Hexes/Charms                 3
   *Regeneration                      Charms/Necromancy            3
 v - a book of the Earth

   Spells                             Type                      Level
   Leda's Liquefaction                Hexes/Earth                  4
   Bolt of Magma                      Conjuration/Fire/Earth       5
   Statue Form                        Transmutation/Earth          6
   Iron Shot                          Conjuration/Earth            6
   Shatter                            Earth                        9


   Skills:
 + Level 2.3 Fighting
 * Level 3.4 Short Blades
 - Level 0.7 Armour
 + Level 2.9 Dodging
 + Level 3.0 Spellcasting
 * Level 4.7 Charms


You had one spell level left.
You knew the following spells:

 Your Spells              Type           Power        Failure   Level  Hunger
a - Infusion              Chrm           ###...       2%          1    #......
b - Shroud of Golubria    Chrm/Tloc      #.........   12%         2    ##.....
c - Regeneration          Chrm/Necr      #.........   24%         3    ###....
d - Spectral Weapon       Hex/Chrm       #.......     24%         3    ###....


Dungeon Overview and Level Annotations

Branches:
Dungeon (5/15)
 Temple: D:4-7

Altars:
Qazlal

Annotations:
D:4 Eustachio


Innate Abilities, Weirdness & Mutations

You have razor-sharp teeth.*
You have supernaturally acute eyesight.
You can survive without breathing.*


Message History

Confirm with . or Enter, or press ? or * to list all spells.
You miscast Regeneration.
You are very lightly contaminated with residual magic.
Your bones ache.
The orc hits you but does no damage. As you open the door, it creaks loudly!
The shadow imp barely misses you.
There is an open door here.
Casting: Regeneration
Confirm with . or Enter, or press ? or * to list all spells.
Your skin crawls.
The orc hits you with a whip.
The orc priest mumbles some strange prayers to Beogh against you.
Something smites you!
Your skin is crawling a little less now.
The orc priest mumbles some strange prayers to Beogh against you.
Something smites you!
* * * LOW HITPOINT WARNING * * *
Your skin stops crawling.
There is a stone staircase leading down here.
The orc hits you with a whip.
You die...

#. ##. #.. #.# #####+# ####+####
#.# #...... ........#
#####.##########...... ..?.....#
#...........##.'......
........####..5o@......##.#......
...$....#Zo.o..........##.#(.....
........'.##..............#......
........####...........#####'####
........# #...........# #.#
#'####### ######.###### #.# ..#
#...# ##.# .## ###.# #..#
'######## #.# ###'#####


You could see an orc priest, a shadow imp, 2 orcs and an orc zombie.

Vanquished Creatures
  An iguana (D:5)
  Natasha (thrice) (D:3)
  Terence (D:2)
  8 adders
  2 giant mites
  A worm (D:2)
  2 giant geckos (D:2)
  3 orcs
  A ball python (D:1)
  3 giant cockroaches
  5 goblins
  A hobgoblin (D:2)
  6 jackals (D:2)
  8 bats
  6 giant newts
  6 kobolds
  A quokka (D:2)
  6 rats
64 creatures vanquished.

Notes
Turn   | Place    | Note
--------------------------------------------------------------
     0 | D:1      | Quh, the Vampire Skald, began the quest for the Orb.
     0 | D:1      | Reached XP level 1. HP: 16/16 MP: 3/3
   268 | D:1      | Reached XP level 2. HP: 22/22 MP: 4/4
   272 | D:1      | Learned a level 2 spell: Shroud of Golubria
   865 | D:2      | Reached XP level 3. HP: 27/27 MP: 6/6
   895 | D:2      | Noticed Terence
   969 | D:2      | Killed Terence
  1366 | D:2      | Reached skill level 4 in Charms
  1366 | D:2      | Reached XP level 4. HP: 33/33 MP: 2/8
  1545 | D:2      | Learned a level 3 spell: Regeneration
  1743 | D:2      | Found a stormy altar of Qazlal.
  2256 | D:3      | Noticed Natasha
  2274 | D:3      | Killed Natasha
  2274 | D:3      | Reached XP level 5. HP: 29/38 MP: 0/9
  2460 | D:3      | Noticed Natasha
  2471 | D:3      | Killed Natasha
  2603 | D:3      | Noticed Natasha
  2606 | D:3      | Killed Natasha
  2770 | D:4      | Learned a level 3 spell: Spectral Weapon
  2883 | D:4      | Noticed Eustachio
  2889 | D:5      | Entered Level 5 of the Dungeon
  3067 | D:5      | Slain by an orc

Action                   |  1- 3 |  4- 6 || total
-------------------------+-------+-------++-------
Melee: Short sword       |    31 |       ||    31
       Dagger            |   138 |   149 ||   287
Throw: Stone             |     1 |     7 ||     8
 Cast: Infusion          |     9 |    11 ||    20
       Shroud of Golubri |     4 |    17 ||    21
       Regeneration      |       |     4 ||     4
       Spectral Weapon   |       |     2 ||     2
  Use: Scroll            |     1 |       ||     1
